 Dungeon Crawl Stone Soup version 0.31.0-9-g3a7656b989 (webtiles) character file.

Game seed: 9400695499293640163

45 qw the Shooter (level 3, 0/18 HPs)
             Began as a Spriggan Hunter on Feb 2, 2024.
             Succumbed to an adder's poison
             ... on level 2 of the Dungeon.
             The game lasted 00:00:03 (1124 turns).

qw the Shooter (Spriggan Hunter)                    Turns: 1124, Time: 00:00:03

Health: 0/18       AC:  2    Str:  7    XL:     3   Next: 42%
Magic:  4/4        EV: 19    Int: 10    God:
Gold:   51         SH:  0    Dex: 20    Spells: 2/2 levels left

rFire   . . .        a - +0 shortbow
rCold   . . .        (shield currently unavailable)
rNeg    . . .        c - +0 robe
rPois   .            (helmet restricted)
rElec   .            (no cloak)
rCorr   .            (gloves unavailable)
SInv    +            (boots unavailable)
Will    .....        (no amulet)
Stlth   ++           (no ring)
HPRegen 0.23/turn    (no ring)
MPRegen 0.09/turn

%: no passive effects
@: lethally poisoned (0 -> -3), very quick
A: very small, no large weapons, unfitting armour, see invisible, speed 3
a: no special abilities


You were on level 2 of the Dungeon.
You visited 1 branch of the dungeon, and saw 2 of its levels.

You collected 51 gold pieces.


Innate Abilities, Weirdness & Mutations

You are very small and have problems with some larger weapons.
You are too small for most types of armour.
You have supernaturally acute eyesight. (SInv)
You cover ground extremely quickly. (Speed+++)


   Skills:
 - Level 1.5 Fighting
 + Level 4.7 Ranged Weapons
 - Level 4.0 Dodging
 - Level 1.5 Stealth


You had 2 spell levels left.
You didn't know any spells.
Your spell library was empty.

Inventory:

Hand Weapons
 a - a +0 shortbow (weapon)
Armour
 c - a +0 robe (worn)
Scrolls
 b - a scroll of fear {unknown}
 d - a scroll of identify
 e - a scroll of revelation {unknown}
 f - a scroll of vulnerability {unknown}

Dungeon Overview and Level Annotations

Branches:
Dungeon (2/15)

Altars:
Wu Jian


Message History

You shoot an arrow. The arrow misses the adder.
The adder misses you. The rat completely misses you.
The adder bites you but does no damage.
You shoot an arrow.
The arrow hits the adder but does no damage.
The adder is severely wounded.
The adder misses you. The rat bites you.
You shoot an arrow. The arrow closely misses the adder.
The adder closely misses you. The rat completely misses you.
The adder completely misses you.
You shoot an arrow. The arrow completely misses the adder.
The rat bites you but does no damage.
A kobold comes into view. It is wielding a +0 whip.
The adder completely misses you.
You shoot an arrow. The kobold shouts!
The arrow hits the adder but does no damage.
The adder is severely wounded.
The adder bites you.
The rat twitches its whiskers.
The rat barely misses you. The adder barely misses you. The rat bites you.
You shoot an arrow. The arrow barely misses the adder.
The adder bites you. The rat closely misses you.
You shoot an arrow. The arrow barely misses the adder.
The adder closely misses you. The rat misses you. The adder closely misses you.
You shoot an arrow. The arrow closely misses the adder.
The adder misses you. The rat closely misses you.
You shoot an arrow. The arrow closely misses the adder.
The adder barely misses you. The rat bites you. The adder bites you.
You are lethally poisoned!
The adder poisons you!
You shoot an arrow. The arrow hits the adder!
You kill the adder!
You feel sick. The rat closely misses you.
You shoot an arrow. The arrow hits the kobold!
You kill the kobold!
You feel sick. The rat misses you. The rat closely misses you.
You shoot an arrow. The arrow hits the rat!
You kill the rat!
You die...

###..# .. ..#
### #...## .
... ^.# #.###
. #.# #.# #.#
#. #.# #.# #.#
#.##.# #.# #.#
##.#....# #.#
###.#
.....$)%# #.#
##...#
#@###.###..###
#.........##
####.>.####
#####


There were no monsters in sight!

Vanquished Creatures
  An adder (D:2)
  A dart slug (D:1)
  3 ball pythons
  2 bats (D:1)
  4 endoplasms
  2 giant cockroaches (D:1)
  2 goblins
  3 hobgoblins (D:1)
  2 jackals (D:2)
  2 quokkas (D:1)
  3 frilled lizards
  5 kobolds
  3 rats
33 creatures vanquished.

Notes
Turn   | Place    | Note
-------+----------+-------------------------------------------
     0 | D:1      | qw the Spriggan Hunter began the quest for the Orb.
     0 | D:1      | Reached XP level 1. HP: 10/10 MP: 2/2
     0 | D:1      | 0 ||| qw: Version: 0.3-a-155-g5e7d8dd
     0 | D:1      | 0 ||| qw: Game counter: 1644
     0 | D:1      | 0 ||| qw: Melee chars always use a shield: true
     0 | D:1      | 0 ||| qw: God list: Okawaru
     0 | D:1      | 0 ||| qw: Allow faded altars: false
     0 | D:1      | 0 ||| qw: Do Orc after clearing Dungeon:15 true
     0 | D:1      | 0 ||| qw: Do second Lair branch before Depths: true
     0 | D:1      | 0 ||| qw: Lair rune preference: random
     0 | D:1      | 0 ||| qw: Goals: Normal
     0 | D:1      | 0 ||| PLANNING D:1-11
    42 | D:1      | Reached skill level 3 in Dodging
   156 | D:1      | Reached XP level 2. HP: 14/14 MP: 3/3
   980 | D:1      | 980 ||| READING scroll labelled POUCRY UFUXTYA.
   980 | D:1      | 980 ||| IDENTIFYING scroll labelled ZETEXE LUSECRA
   981 | D:1      | 981 ||| DROPPING scroll of butterflies.
   982 | D:1      | 982 ||| DROPPING scroll of torment.
  1037 | D:2      | Reached XP level 3. HP: 18/18 MP: 4/4
  1055 | D:2      | Found an ornate altar of the Wu Jian Council.
  1121 | D:2      | HP: 4/18 [adder (2)]
  1123 | D:2      | HP: 1/18 [poisoned by an adder]
  1124 | D:2      | Succumbed to an adder's poison

Levels and vault maps discovered:
D:1:      dpeg_chamrin_arrival_tetris, layout_basic, serial_bayou_pond_e,
          patterned_corridor
D:2:      layout_basic, basic_altar

Skill      XL: |  1  2 |
---------------+-------+-----
Dodging        | 3 4 |  4.0
Fighting       | |  1.5
Ranged Weapons | |  4.7
Stealth        | |  1.5

Action                     || total
---------------------------++-------
   Fire: Shortbow          ||    89
    Use: Scroll            ||     1
 Armour: Robe              ||    12
  Dodge: Dodged            ||    39

Table legend:
 A = Non-vault XP
 B = Vault XP
 C = Vault XP percentage of total XP
 D = Non-vault monster count
 E = Vault monster count
 F = Vault count percentage of total count
                 A         B        C        D         E       F
            +---------+---------+-------+---------+---------+-------
      Total |      66 |       0 |   0.0 |      33 |       0 |   0.0
            +---------+---------+-------+---------+---------+-------
        D:1 |      39 |       0 |   0.0 |      23 |       0 |   0.0
        D:2 |      27 |       0 |   0.0 |      10 |       0 |   0.0
            +---------+---------+-------+---------+---------+-------
